 Dungeon Crawl Stone Soup version 0.22-a0-223-g0f5d773 (webtiles) character file.

26728 4thArraOfDagon the Cleaver (level 13, -10/115 HPs)
             Began as an Octopode Arcane Marksman on Feb 18, 2018.
             Was a High Priest of Wu Jian.
             Killed from afar by tilp's ghost (27 damage)
             ... with a shard of ice
             ... on level 2 of the Orcish Mines.
             The game lasted 01:03:14 (15571 turns).

4thArraOfDagon the Cleaver (OpAM)                  Turns: 15571, Time: 01:03:15

Health: -10/115    AC: 27    Str:  9    XL:     13   Next: 27%
Magic:  22/22      EV: 14    Int: 20    God:    Wu Jian [*****.]
Gold:   75         SH:  0    Dex: 13    Spells: 13/25 levels left

rFire    . . .     SeeInvis +   B - +6 battleaxe (freeze)
rCold    . . .     Gourm    +   (shield currently unavailable)
rNeg     + . .     Faith    .   o - +2 hat
rPois    ∞         Spirit   .   x - amulet of the gourmand
rElec    +         Reflect  .   i - ring of see invisible
rCorr    .         Harm     .   (no ring)
MR       .....                  (no ring)
Stlth    ++........             (no ring)
HPRegen  0.29/turn              (no ring)
MPRegen  0.18/turn              (no ring)
                                (no ring)
                                (no ring)

@: statue-form, hasted, drained
A: almost no armour, stealthy swim, amphibious, 8 rings, constrict 8, camouflage
1
a: End Transformation, Wall Jump, Serpent's Lash, Heavenly Storm, Renounce
Religion


You were on level 2 of the Orcish Mines.
You worshipped Wu Jian.
Wu Jian was extremely pleased with you.
You were not hungry.
You were a stone statue.
You visited 2 branches of the dungeon, and saw 17 of its levels.

You collected 735 gold pieces.
You spent 660 gold pieces at shops.

Inventory:

Hand Weapons
 f - a +0 spear
 h - a +1 scimitar of flaming
 l - a +2 spear of venom
 B - a +6 battleaxe of freezing (weapon)
Missiles
 b - a javelin (quivered)
 w - a throwing net
Armour
 o - a +2 hat (worn)
Magical Staves
 e - an uncursed staff of summoning {!a}
Jewellery
 i - a ring of see invisible (left tentacle)
 x - an amulet of the gourmand (around mantle)
 A - an uncursed ring of ice
Wands
 r - a wand of digging (13)
 v - a wand of clouds (1)
 y - a wand of paralysis (1)
 E - a wand of scattershot (4)
 G - a wand of polymorph (18)
 H - a wand of iceblast (8)
Scrolls
 c - 6 scrolls of remove curse
 k - 2 scrolls of blinking
 p - a scroll of immolation
 q - 2 scrolls of noise
 u - a scroll of fog
 D - a scroll of silence
Potions
 d - a potion of brilliance
 g - 2 potions of haste
 m - 2 potions of flight
 n - 2 potions of lignification
 s - a potion of mutation
 t - a potion of might
 z - a potion of cancellation
Miscellaneous
 C - a box of beasts
 F - a lightning rod (4/4)
Comestibles
 a - 20 rations


   Skills:
 - Level 8.5(8.4) Fighting
 * Level 12.6 Axes
 - Level 2.0(1.9) Throwing
 - Level 5.0 Dodging
 + Level 6.5(6.4) Spellcasting
 - Level 3.0(2.9) Hexes
 * Level 9.7 Transmutations
 * Level 9.7(9.6) Earth Magic


You had 13 spell levels left.
You knew the following spells:

 Your Spells              Type           Power        Failure   Level  Hunger
a - Corona                Hex            ###....      3%          1    None
b - Petrify               Tmut/Erth      #####...     1%          4    ####...
c - Apportation           Tloc           #.....       10%         1    None
d - Statue Form           Tmut/Erth      #####....    28%         6    #######


Dungeon Overview and Level Annotations

Branches:
Dungeon (15/15)            Temple (0/1) D:6            Lair (0/6) D:9
    Orc (2/2) D:12
    Elf: Orc:2       Vaults: D:13-14     Depths: D:15

Altars:
Ashenzari
Cheibriados
Gozag
Hepliaklqana
Kikubaaqudgha
Makhleb
Nemelex Xobeh
Qazlal
Trog
Wu Jian
Yredelemnul
Zin
The Shining One

Shops:
D:6 ::((   D:10 %   D:12 ?

Annotations:
D:7 exclusion: orc priest
D:11 Grum
D:12 exclusion: upstairs
Orc:2 tilp's ghost, journeyman MfIE


Innate Abilities, Weirdness & Mutations

You cannot wear most types of armour.
You are very stealthy in the water. (Stealth+)
You are amphibious.
You can wear up to eight rings at the same time.
You can use your tentacles to constrict eight enemies at once.
Your skin changes colour to match your surroundings (Stealth+).
((Your rubbery body absorbs attacks. (AC +1, EV +1)))


Message History

Tilp's ghost hits you but does no damage.
The ice beast barely misses you.
Unknown command.
You feel yourself speed up.
The heavenly storm settles.
Tilp's ghost hits you but does no damage.
The ice beast closely misses you.
Unknown command.
You slash the ice beast!
The ice beast is almost dead.
You closely miss tilp's ghost. Tilp's ghost closely misses you.
The ice beast barely misses you.
Unknown command.
Unknown command.
You closely miss the ice beast.
The ice beast is almost dead.
You miss tilp's ghost.
Tilp's ghost points at you and mumbles some strange words.
The shard of ice hits you!
You die...

##### #8Y§# ####
#######W#
##.#.##.##.#)## #.
$#...........##....
#.........oo........
.....$.44(..........
......#ooo##........
.........o.o.##....#.#
...#.....oO.......#.##


You could see an ice beast and tilp's ghost.

Vanquished Creatures
  A centaur warrior (D:13)
  Erica (D:11)
  5 two-headed ogres
  An unseen horror (D:13)
  3 orc knights
  An ugly thing (D:11)
  2 manticores
  3 orc sorcerers (Orc:2)
  A cyclops (D:12)
  2 centaur zombies
  An elephant (D:9)
  Maurice (D:11)
  Psyche (D:9)
  2 gargoyles (D:13)
  A komodo dragon (D:13)
  A tengu conjurer (D:10)
  4 trolls
  A blink frog (shapeshifter) (D:14)
  3 slime creatures (D:12)
  2 hippogriffs
  A wraith (D:13)
  2 wyverns (D:13)
  A hungry ghost (D:12)
  12 yaks (D:10)
  2 basilisks (D:9)
  2 vampire mosquitoes (D:12)
  2 wargs (Orc:1)
  15 orc warriors
  8 sky beasts
  3 black bears
  3 ice beasts
  A phantom (D:8)
  A hornet zombie (D:12)
  An eye of draining (D:12)
  4 wolves (D:11)
  6 ogres
  2 crocodiles
  19 centaurs
  12 bullfrogs
  A wyvern zombie (D:8)
  A water moccasin zombie (D:9)
  3 wyvern skeletons
  2 scorpions (D:10)
  10 killer bees
  2 vampire bats (D:3)
  12 wights
  3 howler monkeys (D:10)
  3 crimson imps
  2 bullfrog zombies
  3 quasits
  7 hounds
  A jelly (D:10)
  14 orc priests
  A gnoll shaman (D:4)
  22 orc wizards
  2 centaur skeletons
  5 worker ants
  2 iguanas
  4 hound skeletons
  A howler monkey skeleton (D:9)
  2 howler monkey zombies
  2 worker ant zombies
  8 gnolls
  14 adders
  4 shadow imps
  2 oozes
  2 adder skeletons
  7 worms
  2 dart slugs
  5 leopard geckos
  57 orcs
  13 bats
  3 bat skeletons (D:3)
  3 bat zombies (D:3)
  9 giant cockroaches
  6 goblins
  4 hobgoblins
  13 jackals
  7 kobolds
  3 quokkas
  7 frilled lizards
  A jackal zombie (D:5)
  A leopard gecko skeleton (D:8)
  A leopard gecko zombie (D:9)
  2 quokka skeletons
  6 rats
419 creatures vanquished.

Vanquished Creatures (collateral kills)
  2 centaurs (D:13)
  A big kobold (D:13)
  3 kobolds (D:13)
6 creatures vanquished.

Vanquished Creatures (others)
  An orc (Orc:2)
1 creature vanquished.

Grand Total: 426 creatures vanquished

Notes
Turn   | Place    | Note
-------+----------+-------------------------------------------
     0 | D:1      | 4thArraOfDagon the Octopode Arcane Marksman began the quest for the Orb.
     0 | D:1      | Reached XP level 1. HP: 13/13 MP: 2/2
    71 | D:1      | Reached XP level 2. HP: 11/19 MP: 3/3
   214 | D:3      | Found a hazy altar of Hepliaklqana.
   370 | D:3      | Reached XP level 3. HP: 22/26 MP: 4/4
   544 | D:4      | Noticed an ogre
   552 | D:4      | Reached XP level 4. HP: 27/33 MP: 5/5
   561 | D:4      | Killed an ogre
   561 | D:4      | Reached skill level 5 in Fighting
   561 | D:4      | Reached XP level 5. HP: 33/39 MP: 6/6
   773 | D:4      | Reached XP level 6. HP: 29/46 MP: 7/7
   812 | D:5      | Entered Level 5 of the Dungeon
   823 | D:6      | Noticed an orc warrior
  1095 | D:6      | Noticed a sky beast
  1561 | D:6      | Noticed an orc warrior
  1627 | D:7      | Found a bloodstained altar of Trog.
  1627 | D:7      | Noticed a black bear
  1627 | D:7      | Noticed a black bear
  1858 | D:8      | Noticed a two-headed ogre
  1914 | D:8      | Noticed a sky beast
  1935 | D:7      | Reached XP level 7. HP: 51/52 MP: 8/8
  2017 | D:8      | Found an opulent altar of Gozag.
  2018 | D:8      | Found a shattered altar of Ashenzari.
  2061 | D:8      | Found an ornate altar of the Wu Jian Council.
  2069 | D:8      | Became a worshipper of the Wu Jian Council
  2109 | D:8      | Reached skill level 5 in Dodging
  2746 | D:6      | Found Ykid's Antique Weapon Shop.
  2751 | D:6      | Found Tofiff's Antique Weapon Boutique.
  3091 | D:4      | Found a stormy altar of Qazlal.
  3391 | D:5      | Reached XP level 8. HP: 50/60 MP: 9/9
  3500 | D:5      | Reached * piety under Wu Jian
  3584 | D:5      | Yawgmoth: nice
  3862 | D:2      | Found a basalt altar of Yredelemnul.
  4077 | D:1      | Reached skill level 1 in Axes
  4528 | D:2      | Reached skill level 2 in Axes
  4538 | D:3      | Reached ** piety under Wu Jian
  4791 | D:3      | Found a glowing golden altar of the Shining One.
  4829 | D:3      | Reached skill level 3 in Axes
  4831 | D:3      | Found an ancient bone altar of Kikubaaqudgha.
  5181 | D:6      | Found Efidim's Book Shop.
  5189 | D:6      | Yawgmoth: good luck
  5240 | D:6      | Reached skill level 4 in Axes
  5639 | D:7      | Reached skill level 5 in Axes
  5662 | D:6      | Reached XP level 9. HP: 56/67 MP: 10/10
  5666 | D:6      | Reached skill level 6 in Axes
  5710 | D:6      | Reached *** piety under Wu Jian
  5735 | D:6      | Found Irubb's Book Shoppe.
  5854 | D:6      | Found a staircase to the Ecumenical Temple.
  6119 | D:8      | Killed a two-headed ogre
  6119 | D:8      | Reached skill level 8 in Axes
  6221 | D:8      | Learned a level 4 spell: Petrify
  6426 | D:7      | Reached skill level 1 in Earth Magic
  6431 | D:7      | Reached skill level 1 in Transmutations
  6729 | D:8      | Learned a level 1 spell: Apportation
  6836 | D:8      | Reached XP level 10. HP: 19/73 MP: 11/13
  6974 | D:8      | Reached skill level 9 in Axes
  7035 | D:8      | Found a snail-covered altar of Cheibriados.
  7294 | D:9      | Found a burning altar of Makhleb.
  7297 | D:9      | Found a glowing silver altar of Zin.
  7297 | D:9      | Noticed a balrug
  7297 | D:9      | Noticed an angel
  7320 | D:9      | Noticed Psyche
  7335 | D:9      | Killed Psyche
  7432 | D:9      | Noticed an elephant
  7437 | D:10     | Entered Level 10 of the Dungeon
  7599 | D:10     | Reached **** piety under Wu Jian
  7615 | D:10     | superd2: what is this tile?
  7789 | D:10     | Found Feadugh's Food Boutique.
  7902 | D:11     | Noticed a brown ugly thing
  7928 | D:11     | Killed a brown ugly thing
  7937 | D:11     | 4thArraOfDagon: imperial myrmidon
  7937 | D:11     | 4thArraOfDagon: creature from desolation of salt
  7937 | D:11     | superd2: thx
  8144 | D:11     | Noticed Grum
  8355 | D:12     | Noticed a cyclops
  8358 | D:12     | Killed a cyclops
  8358 | D:12     | Reached skill level 10 in Axes
  8358 | D:12     | Reached skill level 5 in Transmutations
  8358 | D:12     | Reached skill level 5 in Earth Magic
  8396 | D:12     | Reached XP level 11. HP: 39/78 MP: 10/16
  8480 | D:11     | Noticed a two-headed ogre
  8480 | D:11     | Noticed Erica
  8641 | D:13     | Noticed a two-headed ogre
  8661 | D:14     | Noticed a manticore
  8661 | D:14     | Noticed a salamander
  8688 | D:13     | Killed an unseen horror
  8740 | D:13     | arkorax: all the text is in comic sans for me
  8919 | D:13     | arkorax: is an Op without a shield smart?
  8942 | D:13     | superd2: you watched pepe too much
  9080 | D:12     | arkorax: yea haha
  9160 | D:12     | arkorax: i mean im not complaining
  9208 | D:12     | arkorax: comic sans makes everything better
  9275 | D:12     | Noticed a skeletal warrior
  9292 | D:12     | superd2: refereshing looks on this game
  9465 | D:12     | Found Ubeaxyl's Magic Scroll Boutique.
  9466 | D:12     | arkorax: yea
  9469 | D:12     | arkorax: ascii isnt easy on the soul
  9492 | D:12     | arkorax: also having tiles is better in dcss
  9531 | D:12     | superd2: there is also language option in init.txt to spice things a bit
  9563 | D:12     | arkorax: dwarven
  9576 | D:12     | arkorax: is pretty good
  9592 | D:12     | superd2: yeah
  9611 | D:12     | Found a staircase to the Orcish Mines.
  9611 | D:12     | Noticed a manticore
  9684 | D:12     | Paralysed by fainting for 5 turns
  9720 | D:12     | Killed a manticore
 10123 | D:11     | Noticed Maurice
 10128 | D:11     | Killed Maurice
 10274 | D:11     | Killed Erica
 10346 | D:11     | Found a sparkling altar of Nemelex Xobeh.
 10387 | D:11     | Killed a two-headed ogre
 10473 | D:10     | superd2: sothe goal is to go to D12 asap and then go up to lair? interesting
 10513 | D:10     | You fall through a shaft for 2 floors!
 10514 | D:12     | :O
 10702 | D:10     | Reached skill level 11 in Axes
 10736 | D:10     | arkorax: i usually do to 11
 10747 | D:10     | arkorax: 12 is pretty nasty
 10764 | D:10     | superd2: unseen horrors =(
 10854 | D:10     | Reached ***** piety under Wu Jian
 10888 | D:10     | arkorax: unseen horrors arent that much of a problem if you have access to a hallway
 10927 | D:10     | arkorax: D12 has a chance of nasty vaults
 10933 | D:10     | Reached XP level 12. HP: 21/84 MP: 10/19
 10947 | D:10     | superd2: true - but on open ground they can murder you
 10971 | D:10     | arkorax: yea
 11001 | D:10     | arkorax: especially if you arent tanky
 11003 | D:10     | Reached skill level 5 in Spellcasting
 11139 | D:10     | superd2: like Op =)
 11154 | D:10     | arkorax: especially Op :p
 11155 | D:10     | HP: 3/84 [centaur/arrow (8)]
 11168 | D:10     | superd2: 4 Hp
 11179 | D:10     | superd2: it was close
 12043 | D:9      | Found a staircase to the Lair.
 12323 | D:9      | arkorax: good luck :)
 12836 | D:13     | Killed a two-headed ogre
 13343 | D:13     | Noticed a two-headed ogre
 13666 | D:13     | Killed a two-headed ogre
 13926 | D:13     | Noticed a centaur warrior
 13936 | D:13     | Killed a centaur warrior
 13936 | D:13     | Reached skill level 12 in Axes
 14152 | D:13     | SaintRoka: lair/orc done ?
 14425 | D:15     | Entered Level 15 of the Dungeon
 14436 | D:15     | Noticed a centaur warrior
 14436 | D:15     | HP: 4/84 [centaur warrior/arrow (20)]
 14666 | D:14     | Noticed a four-headed hydra
 15041 | D:6      | Bought a book of Transfigurations for 660 gold pieces
 15048 | D:6      | Learned a level 6 spell: Statue Form
 15048 | D:6      | 4thArraOfDagon: no :/
 15156 | Orc:1    | Entered Level 1 of the Orcish Mines
 15175 | Orc:1    | Noticed a stone giant
 15205 | D:12     | Reached XP level 13. HP: 56/89 MP: 15/22
 15380 | Orc:2    | Entered Level 2 of the Orcish Mines
 15515 | Orc:2    | 4thArraOfDagon: bbl
 15543 | Orc:2    | Noticed tilp's ghost (journeyman MfIE)
 15571 | Orc:2    | Killed from afar by tilp's ghost

Vault maps used:
D:1:      minmay_arrival_stone_box
D:2:      overflow_temple_1_default, first_ration, dk_noncrumbling_2,
          st_stairs_7, grunt_ministairs_9
D:3:      kennysheep_vampire_church, overflow_temple_1_default, minivault_4,
          nicolae_tso_swordbearing_angel
D:4:      marbit_many_paths, bh_walls_and_bars
D:6:      minmay_temple_entry_enclosed_plants, serial_shops, shop,
          nicolae_shop_overgrown_old_shop, shop_statue, shop
D:7:      trog_ov_bears_minmay
D:8:      cheibrodos_worm_habitat, nicolae_overflow_crystal_walls,
          gammafunk_temple_overflow_statue
D:9:      grunt_temple_overflow_order_and_chaos_2, david_lair_generic,
          uniq_psyche
D:10:     serial_shops, shop, grunt_tengu_nest
D:11:     nemelex_xobeh_ov_fountains_minmay, uniq_maurice, uniq_grum, uniq_erica
D:12:     orc_0_dummy, serial_shops, nicolae_shop_waterfront
D:13:     roderic_batcave
D:14:     david_vaults_4, hangedman_decor_push
D:15:     gammafunk_depths_entry_grave, minmay_misc_feat_iff,
          nicolae_trove_entry_crossroad, st_stairs_14
Orc:1:    bh_open_orc_temple
Orc:2:    st_orc_mages

Skill      XL: |  1  2  3  4  5  6  7  8  9 10 11 12 |
---------------+-------------------------------------+-----
Fighting       | 2 3 5 6 7 8 |  8.5
Dodging        | 3 5 |  5.0
Axes           | 5 8 10 11 12 | 12.6
Earth Magic    | 2 5 7 9 |  9.7
Transmutations | 2 5 7 9 |  9.7
Spellcasting   | 2 3 4 6 |  6.5
Throwing       | |  2.0
Hexes          | |  3.0

Action                   |  1- 3 |  4- 6 |  7- 9 | 10-12 | 13-15 || total
-------------------------+-------+-------+-------+-------+-------++-------
Melee: Unarmed           |    17 |       |       |       |       ||    17
       Constrict         |    17 |    26 |    84 |    95 |    22 ||   244
       Spear             |    34 |    89 |   406 |   110 |       ||   639
       Tentacles         |     6 |    25 |    67 |   129 |    19 ||   246
       Battleaxe         |       |       |       |   508 |   108 ||   616
Throw: Javelin           |    17 |    21 |     9 |     1 |       ||    48
       Throwing net      |       |       |     5 |       |       ||     5
 Cast: Petrify           |       |       |       |    98 |       ||    98
       Statue Form       |       |       |       |     1 |     5 ||     6
Invok: Whirlwind         |       |       |    27 |    44 |     6 ||    77
       Lunge             |       |       |    11 |    31 |     1 ||    43
       Wall Jump         |       |       |    12 |    24 |       ||    36
       Serpent's Lash    |       |       |       |     4 |     1 ||     5
       Heavenly Storm    |       |       |       |       |     1 ||     1
Evoke: Wand              |       |       |     7 |    31 |     3 ||    41
       Box of beasts     |       |       |       |     3 |       ||     3
       Lightning rod     |       |       |       |     3 |       ||     3
  Use: Potion            |       |     4 |     4 |     8 |     1 ||    17
       Scroll            |       |     1 |    13 |     9 |       ||    23
 Stab: Sleeping          |     2 |     5 |    15 |     5 |       ||    27
       Distracted        |       |     1 |     4 |     2 |       ||     7
       Held in net/web   |       |       |     4 |       |       ||     4
       Confused          |       |       |       |     2 |       ||     2
       Petrified         |       |       |       |   169 |       ||   169
       Paralysed         |       |       |       |     5 |       ||     5
       Petrifying        |       |       |       |     8 |       ||     8
       Invisible         |       |       |       |     3 |       ||     3
  Eat: Ration            |       |     1 |     1 |     3 |     1 ||     6
       Chunk             |       |       |    17 |    44 |     3 ||    64
Armor: Skin              |     7 |     3 |    92 |    62 |    48 ||   212
Dodge: Dodged            |    27 |    66 |   188 |   362 |    73 ||   716

Table legend:
 A = Spawn XP
 B = Non-spawn XP
 C = Spawn XP percentage of total XP
 D = Spawn monster count
 E = Non-spawn monster count
 F = Spawn count percentage of total count
 G = Total turns spent on level
                    A         B        C        D         E        F      G
               +---------+---------+-------+---------+---------+-------+---------
         Total |       0 |   38183 |   0.0 |       0 |     425 |   0.0 | 15571
               +---------+---------+-------+---------+---------+-------+---------
           D:1 |       0 |      40 |   0.0 |       0 |      19 |   0.0 |   663
           D:2 |       0 |     128 |   0.0 |       0 |      19 |   0.0 |   466
           D:3 |       0 |     314 |   0.0 |       0 |      43 |   0.0 |   640
           D:4 |       0 |     412 |   0.0 |       0 |      14 |   0.0 |   936
           D:5 |       0 |     549 |   0.0 |       0 |      21 |   0.0 |   738
           D:6 |       0 |     537 |   0.0 |       0 |      13 |   0.0 |   812
           D:7 |       0 |    1178 |   0.0 |       0 |      29 |   0.0 |  1916
           D:8 |       0 |    1880 |   0.0 |       0 |      28 |   0.0 |  1090
           D:9 |       0 |    3193 |   0.0 |       0 |      40 |   0.0 |  1131
          D:10 |       0 |    5316 |   0.0 |       0 |      48 |   0.0 |  1680
          D:11 |       0 |    4375 |   0.0 |       0 |      21 |   0.0 |   988
          D:12 |       0 |    4569 |   0.0 |       0 |      29 |   0.0 |  1828
          D:13 |       0 |    7718 |   0.0 |       0 |      45 |   0.0 |  2064
          D:14 |       0 |    2168 |   0.0 |       0 |      17 |   0.0 |   379
         Orc:1 |       0 |     343 |   0.0 |       0 |       3 |   0.0 |    37
         Orc:2 |       0 |    5463 |   0.0 |       0 |      36 |   0.0 |   191
               +---------+---------+-------+---------+---------+-------+---------
